 Dungeon Crawl Stone Soup version 0.30-a0-847-g17996783a1 (webtiles) character file.

Game seed: 2614678554165197094

362344 holysushi the Acrobat (level 21, -6/185 (188) HPs)
             Began as a Demonspawn Monk on Mar 4, 2023.
             Was the Champion of Jiyva.
             Killed from afar by an ancient lich (62 damage)
             ... with a crystal spear
             ... on level 5 of the Realm of Zot.
             The game lasted 01:02:49 (32793 turns).

holysushi the Acrobat (Demonspawn Monk)            Turns: 32793, Time: 01:02:49

HP:   -6/185 (188)  AC: 10    Str: 20      XL:     21   Next: 17%
MP:   0/30          EV: 37    Int: 20 (21) God:    Jiyva [******]
Gold: 2155          SH:  9    Dex: 22      Spells: 48/48 levels left

rFire   + + +      SeeInvis +    s - +8 quick blade of Bankruptcy {chaos, rPois MP-9 Int+6 Dex+3}
rCold   . . .      Faith    .    W - +3 buckler
rNeg    . . .      Spirit   +    G - +2 troll leather armour
rPois   +          Reflect  .    D - +0 hat of the Arcane {Slay+5}
rElec   +          Rampage  .    (no cloak)
rCorr   +          Rage     3%   (gloves unavailable)
Will    +++..                    d - +1 pair of boots
Stlth   +++++++                  i - amulet of guardian spirit
HPRegen 2.90/turn                V - ring "Hacijah" {+Blink rF+++ Will+ rCorr Stlth+}
MPRegen 0.72/turn                P - ring of Giyt {rElec Will+ EV+5 Dex-2}

@: on berserk cooldown, hasted and slowed, studying Unarmed Combat, lightly
drained
A: yellow scales 3, ignite blood 3, powered by death 2, demonic touch 3, fangs
2, talons 2, berserk 1, clever 1, deterioration 1, robust 1, strong 2, eyeballs
3, pseudopods 2, translucent skin 1, tendrils, jelly absorbing missiles, engulf
}: 3/15 runes: decaying, serpentine, slimy
a: Renounce Religion, Evoke Blink, Oozemancy, Slimify


You were on level 5 of the Realm of Zot.
You worshipped Jiyva.
Jiyva was exalted by your worship.
You visited 9 branches of the dungeon, and saw 47 of its levels.
You also visited: Bailey, Gauntlet and Ice Cave.

You collected 3850 gold pieces.
You spent 1695 gold pieces at shops.

Inventory:

Hand Weapons
 s - the +8 quick blade of Bankruptcy (weapon) {chaos, rPois MP-9 Int+6 Dex+3}
   (You found it on level 7 of the Dungeon)

   Int:       It affects your intelligence (+6).
   Dex:       It affects your dexterity (+3).
   rPois:     It protects you from poison.
   MP:        It affects your magic capacity (-9).
Missiles
 k - 5 throwing nets (quivered)
Armour
 d - a +1 pair of boots (worn)
 D - the +0 hat of the Arcane (worn) {Slay+5}
   (You acquired it on level 8 of the Dungeon)

   Slay:      It affects your accuracy & damage with ranged weapons and melee
   (+5).
 G - a +2 troll leather armour (worn)
 H - a +2 robe of willpower
 O - a +2 pair of gloves of dexterity
 W - a +3 buckler (worn)
Jewellery
 g - a ring of protection from cold
 i - an amulet of guardian spirit (around neck)
 p - a +6 ring of dexterity
 A - the ring of Wiofiu {Ice rN+}
   (You found it on level 3 of the Elven Halls)

   [ring of ice]

   It enhances your ice magic.
   rF:        It makes you vulnerable to fire.
   rC:        It protects you from cold.
   rN:        It protects you from negative energy.
 L - a ring of protection from fire
 M - a ring of wizardry
 P - the ring of Giyt (right hand) {rElec Will+ EV+5 Dex-2}
   (You found it on level 13 of the Dungeon)

   [ring of evasion]

   EV:        It affects your evasion (+5).
   Dex:       It affects your dexterity (-2).
   rElec:     It insulates you from electricity.
   Will:      It increases your willpower.
 T - the ring "Nucanoal" {Ice rElec Will+ Int+3}
   (You found it in an ice cave)

   [ring of ice]

   It enhances your ice magic.
   Int:       It affects your intelligence (+3).
   rF:        It makes you vulnerable to fire.
   rC:        It protects you from cold.
   rElec:     It insulates you from electricity.
   Will:      It increases your willpower.
 U - the ring of Etenij {Ice rPois Will+ Str+4 Int-3}
   (You found it in a Gauntlet)

   [ring of ice]

   It enhances your ice magic.
   Str:       It affects your strength (+4).
   Int:       It affects your intelligence (-3).
   rF:        It makes you vulnerable to fire.
   rC:        It protects you from cold.
   rPois:     It protects you from poison.
   Will:      It increases your willpower.
 V - the ring "Hacijah" (left hand) {+Blink rF+++ Will+ rCorr Stlth+}
   (You found it in a Gauntlet)

   [ring of willpower]

   rF:        It renders you almost immune to fire.
   +Blink:    It lets you blink.
   rCorr:     It protects you from acid and corrosion.
   Will:      It increases your willpower.
   Stlth:     It makes you more stealthy.
 X - a ring of wizardry
Wands
 m - a wand of flame (23)
 q - a wand of roots (5)
 x - a wand of mindburst (6)
 B - a wand of quicksilver (27)
 Y - a wand of paralysis (17)
Scrolls
 b - 6 scrolls of vulnerability
 j - 5 scrolls of teleportation
 l - 5 scrolls of summoning
 n - 15 scrolls of identify
 v - 5 scrolls of fog
 z - 3 scrolls of amnesia
 C - a scroll of fear
 I - 3 scrolls of enchant weapon
 K - 4 scrolls of poison
 Q - a scroll of immolation
Potions
 a - a potion of cancellation
 c - 2 potions of ambrosia
 e - 4 potions of lignification
 f - 5 potions of degeneration
 h - a potion of magic
 o - 4 potions of might
 r - 3 potions of attraction
 t - 6 potions of flight
 u - 10 potions of curing
 w - 3 potions of resistance
 E - 2 potions of mutation
 J - 2 potions of brilliance
 N - a potion of haste
Miscellaneous
 F - a tin of tremorstones (2/2)
 S - a condenser vane
 Z - a phial of floods


   Skills:
 + Level 16.1 Fighting
 - Level 11.4 Short Blades
 - Level 3.0 Armour
 * Level 25.3 Dodging
 - Level 10.0 Stealth
 - Level 5.0 Shields
 - Level 14.4 Spellcasting
 - Level 5.0 Evocations


You had 48 spell levels left.
You didn't know any spells.
Your spell library contained the following spells:

 Spells                   Type           Power      Damage    Failure   Level
 Apportation              Tloc           28%        N/A       7%          1
 Magic Dart               Conj           56%        1d5       7%          1
 Sandblast                Erth           28%        2d8       7%          1
 Cigotuvi's Dreadful Rot  Necr/Pois/Air  28%        N/A       10%         2
 Ensorcelled Hibernation  Hex/Ice        28%        N/A       10%         2
 Lesser Beckoning         Tloc           28%        N/A       10%         2
 Passwall                 Tmut/Erth      11%        N/A       10%         2
 Scorch                   Fire           28%        2d6       10%         2
 Searing Ray              Conj           28%        2d5       10%         2
 Dazzling Flash           Conj/Hex       28%        N/A       21%         3
 Hailstorm                Conj/Ice       14%        3d5       21%         3
 Ignite Poison            Fire/Tmut/Pois 14%        N/A       21%         3
 Inner Flame              Hex/Fire       14%        N/A       21%         3
 Kindle Blastsparks       Fire/Tloc/Air  28%        2d12      21%         3
 Portal Projectile        Hex/Tloc       28%        N/A       21%         3
 Spider Form              Tmut/Pois      14%        N/A       21%         3
 Stone Arrow              Conj/Erth      28%        3d8       21%         3
 Tukima's Dance           Hex            14%        N/A       21%         3
 Vhi's Electric Charge    Tloc/Air       28%        N/A       21%         3
 Airstrike                Air            7%         2d(1-17)  54%         4
 Anguish                  Hex/Necr       7%         N/A       54%         4
 Animate Armour           Summ/Erth      28%        N/A       54%         4
 Flame Wave               Conj/Fire      14%        2d6       54%         4
 Fulminant Prism          Conj/Hex       7%         3d7       54%         4
 Ice Form                 Ice/Tmut       14%        N/A       54%         4
 Iskenderun's Mystic Bla  Conj/Tloc      14%        2d5       54%         4
 Leda's Liquefaction      Hex/Erth       7%         N/A       54%         4
 Olgreb's Toxic Radiance  Pois           14%        N/A       54%         4
 Petrify                  Tmut/Erth      14%        N/A       54%         4
 Sticky Flame             Conj/Fire      14%        2d4       54%         4
 Alistair's Intoxication  Tmut/Pois      9%         N/A       88%         5
 Blade Hands              Tmut           7%         N/A       88%         5
 Borgnjor's Vile Clutch   Necr/Erth      7%         N/A       88%         5
 Freezing Cloud           Conj/Ice/Air   7%         6-21      88%         5
 Irradiate                Conj/Tmut      7%         3d14      88%         5
 Lee's Rapid Deconstruct  Erth           7%         3d6*      88%         5
 Lightning Bolt           Conj/Air       7%         1d19      88%         5
 Metabolic Englaciation   Hex/Ice        7%         N/A       88%         5
 Yara's Violent Unravell  Hex/Tmut       7%         3d5       88%         5
 Conjure Ball Lightning   Conj/Air       7%         3x3d6     100%        6
 Eringya's Noxious Bog    Tmut/Pois      7%         N/A       100%        6
 Iron Shot                Conj/Erth      7%         9d2       100%        6
 Statue Form              Tmut/Erth      9%         N/A       100%        6
 Enfeeble                 Hex            7%         N/A       100%        7
 Ozocubu's Refrigeration  Ice            7%         4d9       100%        7
 Discord                  Hex            7%         N/A       100%        8
 Disjunction              Tloc           7%         N/A       100%        8
 Ignition                 Fire           7%         3d4       100%        8
 Lehudib's Crystal Spear  Conj/Erth      7%         10d3      100%        8
 Necromutation            Tmut/Necr      7%         N/A       100%        8
 Shatter                  Erth           7%         3d9*      100%        9


Dungeon Overview and Level Annotations

Branches:
Dungeon (15/15) Zot: 24341  Temple (0/1) D:6            Lair (5/5) D:11 Zot: 25110
  Swamp (4/4) Lair:3 Zot: 21842   Snake (4/4) Lair:2 Zot: 20428   Slime (5/5) Lair:4 Zot: 26853
    Orc (2/2) D:10 Zot: 11003     Elf (3/3) Orc:2 Zot: 15527  Vaults (0/5) D:13
 Depths (4/4) D:15 Zot: 23468     Zot (5/5) Depths:4 Zot: 26513  Bailey (visited)
  IceCv (visited)         Gauntlet (visited)

Altars:
Gozag
Kikubaaqudgha
Makhleb
Nemelex Xobeh
Xom
Yredelemnul
Jiyva

Shops:
D:8 !((*[   D:10 :   Orc:2 [(!:   Elf:2 (   Snake:2 =:=   Snake:3 ?   Snake:4 *

Annotations:
D:3 3 runed translucent doors, Pokonic1's ghost, weakling HOFi
D:13 1 runed translucent door, Jynaviopo's ghost, journeyman GrFi
Slime:5 Royal Jelly


Innate Abilities, Weirdness & Mutations

You are completely covered in yellow scales. (AC +4, rCorr)
Your demonic aura causes all spilled blood to erupt in flames.
You regenerate health from kills.
Your touch may irresistibly damage your foes and sap their willpower.
You have extremely sharp teeth.
You have razor-sharp toenails.
You sometimes lose your temper in combat.
Your mind is acute. (Int +4, Str/Dex -1)
Your body sometimes deteriorates upon taking damage.
You are robust. (+10% HP)
Your muscles are very strong. (Str +8, Int/Dex -2)
Your body is covered in eyes which may confuse attackers. (Acc +7, SInv)
Armour fits poorly on your large pseudopods.
Your translucent skin slightly reduces your foes' accuracy. (Stealth+)
You are covered in slimy tendrils that may disarm your opponents.
You have a small jelly attached to you that may absorb projectiles.
Your melee attacks may engulf your foes in ooze.


Message History

The ancient lich is engulfed in blazing flames.
The ancient lich misses you.
You hit the ancient lich but do no damage.
The ancient lich is heavily damaged.
The dread lich is engulfed in blazing flames.
The dread lich casts a spell.
You puncture the ancient lich!
Space warps horribly around the ancient lich.
You engulf the ancient lich in ooze!
You bludgeon the ancient lich!
The ancient lich is heavily damaged.
The ancient lich points at you and mumbles some strange words.
The crystal spear hits you!!!!
* * * LOW HITPOINT WARNING * * *
You shudder from the blast and a jelly pops out!
You completely miss the ancient lich. Your bite misses the ancient lich.
Your bludgeon misses the ancient lich.
The ancient lich is heavily damaged.
You hit the ancient lich but do no damage.
You bite the ancient lich, but do no damage.
The ancient lich is heavily damaged.
The ancient lich completely misses you.
The purple draconian shifter gestures wildly while chanting.
The purple draconian shifter blinks!
The dread lich is engulfed in blazing flames.
The dread lich completely misses you.
You hit the ancient lich but do no damage.
The ancient lich is heavily damaged.
Your azure jelly hits the ancient lich but does no damage.
Your azure jelly barely misses the ancient lich.
Your azure jelly closely misses the ancient lich.
Your azure jelly hits the ancient lich.
You feel better. The ancient lich completely misses you.
The moth of wrath angrily waves its antennae.
The purple draconian shifter gestures wildly while chanting.
The purple draconian shifter blinks!
The dread lich points at you and mumbles some strange words.
You resist with almost no effort.
The ancient lich gestures at you while chanting.
The crystal spear hits you!!!!
You die...

,,,,^^,,,,,*,,,,,,,,,,,,,,,,,,,,,
*,,,,,,,,,**,,,,,,,,,,,,,,,,,,,,,
**,,,,,,,***,,,,,,,,,,,,,,,,,,,,,
********* *,,,,,,,,,,,,,,^,,,,,,
**,,,,,,,,,,,,,,,,,,,,
***,,,,,,^,,,,,,,,,,,
****,,,,,,,,,,..^^,
#▓▓▓▓▓▓▓▓▓▓▓##L..,,*
###.L@Ly.§.......^.,,, *
##.qJ☼##2...........,,,
###########...###†......L.....,,,
............q###.......^......,,,
.......^....## #..............,^,
............# #..............,,,
...........## #.........^.§..,,,
...........# #^..^.^........,,,
...........## #..............,,,


You could see an ancient lich (fast, agile, engulfed, ally target), a dread
lich, 2 draconians, a moth of wrath, a tormentor (summoned) and a friendly azure
jelly (summoned).

Vanquished Creatures
  An orb of fire (Zot:5)
  An ancient lich (Zot:5)
  2 Killer Klowns
  Vashnia (Snake:2)
  Margery (Depths:3)
  the Lernaean hydra (Swamp:4)
  3 golden dragons
  3 quicksilver dragons
  7 tentacled monstrosities
  8 Orb Guardians (Zot:5)
  2 deep elf blademasters (Elf:3)
  3 deep elf master archers (Elf:3)
  A lich (Depths:4)
  2 death cobs
  A tengu reaver (Depths:3)
  Roxanne (D:15)
  2 shadow dragons
  A thorn hunter (Swamp:2)
  4 nagarajas
  4 storm dragons
  6 draconian monks
  A fenstrider witch (Swamp:3)
  2 draconian knights (Zot:5)
  9 draconian scorchers
  6 deep elf sorcerers (Elf:3)
  2 fire giants
  A frost giant (Depths:3)
  4 draconian stormcallers
  A ghost moth (Zot:2)
  3 draconian shifters
  3 deep elf elementalists (Elf:3)
  Aizul (Snake:2)
  3 draconian annihilators
  A spriggan defender (Depths:3)
  A ghoul (Swamp:3)
  2 stone giants
  3 very ugly things (Depths:3)
  A reaper (IceCv)
  10 deep elf demonologists (Elf:3)
  12 green draconians
  Nessos (D:12)
  8 eleionomae
  A bunyip (Swamp:3)
  10 deep elf annihilators
  7 white draconians
  7 black draconians
  2 minotaurs
  5 purple draconians
  Snorg (Lair:4)
  12 yellow draconians
  8 deep elf death magi (Elf:3)
  7 red draconians
  6 deep elf high priests (Elf:3)
  An ettin (Depths:3)
  Josephine (Lair:4)
  2 jiangshi (Depths:1)
  2 rakshasas (Depths:3)
  Fannar (Lair:2)
  20 hydras
  The ghost of monoptic the Spear-Bearer, a journeyman HOFi of Okawaru (D:9)
  A shambling mangrove (Swamp:2)
  Harold (Lair:2)
  2 ice dragons
  2 salamander tyrants (Snake:4)
  2 ghost crabs
  4 centaur warriors
  2 spriggan air magi
  An ogre mage (D:13)
  5 anacondas
  6 two-headed ogres
  9 alligators
  25 dancing weapons
  A deep troll shaman (Depths:3)
  14 naga warriors
  6 boulder beetles
  7 orc high priests
  2 vampire magi
  13 naga sharpshooters
  4 tengu warriors
  Urug (Orc:2)
  6 shock serpents
  4 spriggan berserkers
  4 skysharks (Lair:5)
  6 hell knights (Depths:3)
  15 deep elf knights
  2 titan zombies
  Nergalle (Lair:2)
  3 salamander mystics
  An iron troll (Depths:3)
  4 goliath frogs
  A spark wasp zombie (Depths:2)
  A golden dragon zombie (Depths:1)
  3 deep trolls (Depths:3)
  A skeletal warrior (D:15)
  A quicksilver dragon simulacrum (Depths:2)
  2 sea snakes (Snake:1)
  2 naga ritualists
  13 bog bodies
  10 deep elf archers
  3 spriggan druids
  A wizard (D:13)
  An orc knight (Orc:1)
  12 swamp dragons
  3 necromancers
  A lindwurm (Lair:5)
  Pikel (D:5)
  17 deep elf pyromancers
  8 mana vipers
  23 deep elf zephyrmancers
  12 salamanders
  2 orc sorcerers
  2 frost giant zombies
  16 ugly things
  2 will-o-the-wisps
  3 manticores
  4 cyclopes
  A frost giant skeleton (Depths:1)
  6 moths of wrath
  Maurice (D:8)
  An ice statue (IceCv)
  A fire giant skeleton (Depths:2)
  16 naga magi
  A guardian serpent (Snake:1)
  27 black mambas
  15 elephants
  A torpor snail (Lair:1)
  A gargoyle (D:13)
  20 cane toads
  6 rime drakes
  An unseen horror (D:11)
  2 freezing wraiths
  2 kobold demonologists (D:12)
  8 komodo dragons
  A tengu conjurer (Depths:2)
  A spriggan skeleton (Depths:1)
  A komodo dragon (shapeshifter) (Swamp:3)
  Psyche (D:9)
  A polar bear (shapeshifter) (Zot:3)
  4 polar bears
  12 tyrant leeches
  A queen bee (shapeshifter) (Elf:2)
  A queen bee (Gauntlet)
  5 trolls
  9 hornets
  12 blink frogs
  3 air elementals
  A fire giant simulacrum (Depths:2)
  A shadow (D:9)
  10 spriggans
  A dire elephant simulacrum (IceCv)
  A ynoxinul (D:9)
  4 wraiths (Lair:4)
  23 yaks
  5 wyverns
  7 water elementals
  4 basilisks
  3 fire elementals
  4 hogs (D:12)
  A steam dragon (D:7)
  20 vampire mosquitoes
  2 death yak simulacra (IceCv)
  A harpy simulacrum (IceCv)
  16 swamp worms
  6 acid dragons
  45 nagas
  A swamp worm (shapeshifter) (Orc:2)
  A human zombie (Depths:1)
  A warg (Orc:1)
  16 water moccasins
  A tengu zombie (Depths:1)
  28 orc warriors
  A sky beast (D:6)
  6 swamp drakes (Swamp:4)
  4 black bears
  13 centaurs
  3 ogres
  24 wolves
  A phantom (D:5)
  6 kobold brigands
  19 bullfrogs
  2 gnoll sergeants
  2 necrophages (Swamp:3)
  5 two-headed ogre simulacra (IceCv)
  3 cane toad simulacra (IceCv)
  6 wights
  11 killer bees
  An elephant simulacrum (IceCv)
  4 jellies
  4 howler monkeys
  9 electric eels
  A wolf zombie (Lair:3)
  7 hounds
  29 orc priests
  3 sleepcaps
  2 gnoll boudas
  9 iguanas (D:11)
  33 orc wizards
  3 polar bear simulacra (IceCv)
  3 spriggan simulacra (IceCv)
  4 troll simulacra (IceCv)
  3 wolf simulacra (IceCv)
  16 gnolls
  5 adders
  3 naga simulacra (IceCv)
  7 white imps
  7 ufetubi (IceCv)
  2 dart slugs
  64 orcs
  A bat (D:1)
  An endoplasm (D:1)
  8 goblins
  4 hobgoblins
  4 jackals (D:1)
  26 kobolds
  3 quokkas
  8 ball pythons
  15 frilled lizards
  3 rats
  A bush (Swamp:4)
1287 creatures vanquished.

Vanquished Creatures (collateral kills)
  A juggernaut zombie (D:15)
  A hydra (D:13)
  A naga warrior (Snake:3)
  A skeletal warrior (D:15)
  A necromancer (D:15)
  An elephant (Lair:5)
  A stone giant zombie (D:15)
  A komodo dragon (D:11)
  A wyvern (D:4)
  3 vampire mosquitoes (D:13)
  Menkaure (D:5)
  A swamp drake (Swamp:4)
  2 orc warriors (Bailey)
  A gnoll bouda (D:4)
  3 gnolls (D:4)
  4 orcs (Bailey)
24 creatures vanquished.

Vanquished Creatures (others)
  An Orb Guardian (Zot:5)
  An azure jelly (Zot:5)
  8 acid blobs (Zot:2)
  Kirke (D:12)
  A deep elf sorcerer (Elf:3)
  A stone giant (Depths:1)
  A deep elf annihilator (Elf:2)
  6 yellow draconians (Zot:2)
  An orc high priest (Elf:1)
  A wizard (D:13)
  A deep elf zephyrmancer (Elf:2)
  A steelbarb worm (shapeshifter) (Depths:1)
  An oklob plant (Zot:2)
  An ugly thing (Gauntlet)
  An elephant (Lair:5)
  2 manticores
  3 bloated husks
  A merfolk (shapeshifter) (Depths:3)
  5 slime creatures (D:12)
  2 vampire mosquitoes (D:12)
  A water moccasin (Lair:4)
  A floating eye (Depths:2)
  A kobold brigand (D:12)
  A gnoll sergeant (D:12)
  148 jellies
  A hound (D:4)
  An orc priest (D:14)
  3 orc wizards
  3 adders
  12 gnolls
  2 ufetubi
  A worm (D:3)
  A dart slug (D:4)
  9 orcs
  3 ball pythons
  2 endoplasms
  4 goblins
  3 hobgoblins
  A quokka (D:1)
  A frilled lizard (D:11)
  5 kobolds (D:9)
  A butterfly (Lair:2)
  2 demonic plants (D:1)
  10 foxfires
  109 fungi
  166 plants
  8 withered plants
540 creatures vanquished.

Grand Total: 1851 creatures vanquished

Notes
Turn   | Place    | Note
-------+----------+-------------------------------------------
     0 | D:1      | holysushi the Demonspawn Monk began the quest for the Orb.
     0 | D:1      | Reached XP level 1. HP: 18/18 MP: 1/1
   104 | D:1      | Gained mutation: Your demonic aura sometimes causes spilled
                  | blood to erupt in flames. [demonic ancestry]
   104 | D:1      | Reached XP level 2. HP: 14/24 MP: 2/2
   455 | D:1      | Found a faded altar of an unknown god.
   455 | D:1      | Noticed a Hell Sentinel
   480 | D:1      | Prayed at the altar of an unknown god.
   480 | D:1      | Became a worshipper of Jiyva Jago the Shapeless
   480 | D:1      | Reached * piety under Jiyva
   480 | D:1      | Reached ** piety under Jiyva
   619 | D:1      | Reached *** piety under Jiyva
   668 | D:1      | Gained mutation: Your touch may inflict minor irresistible
                  | damage on your foes. [demonic ancestry]
   668 | D:1      | Reached XP level 3. HP: 29/29 MP: 3/3
  1001 | D:2      | Gained mutation: You are agile. (Dex +4, Str/Int -1)
                  | [Jiyva's grace]
  1001 | D:2      | Gained mutation: You are very agile. (Dex +8, Str/Int -2)
                  | [Jiyva's grace]
  1001 | D:2      | Gained mutation: You have a pair of small horns on your
                  | head. [Jiyva's grace]
  1001 | D:2      | Gained mutation: You have a pair of horns on your head.
                  | [Jiyva's grace]
  1246 | D:2      | Reached **** piety under Jiyva
  1878 | D:3      | Found a runed translucent gate.
  1878 | D:3      | Found a runed translucent gate.
  1878 | D:3      | Found a runed translucent gate.
  2161 | D:3      | Reached ***** piety under Jiyva
  2291 | D:3      | Noticed Pokonic1's ghost (weakling HOFi)
  2608 | D:4      | Reached XP level 4. HP: 35/35 MP: 4/4
  2641 | D:4      | Noticed a wyvern
  2646 | D:4      | Killed a wyvern
  2647 | D:4      | Reached XP level 5. HP: 22/41 MP: 3/5
  2851 | D:4      | Lost mutation: You have a pair of horns on your head.
                  | [Jiyva's grace]
  2851 | D:4      | Gained mutation: Your flesh is heat resistant. (rF+)
                  | [Jiyva's grace]
  2851 | D:4      | Gained mutation: Your flesh is very heat resistant. (rF++)
                  | [Jiyva's grace]
  2851 | D:4      | Gained mutation: Your flesh is almost immune to the effects
                  | of heat. (rF+++) [Jiyva's grace]
  2851 | D:4      | Gained mutation: You have a small jelly attached to you
                  | that may absorb projectiles. [Jiyva's grace]
  2938 | D:4      | Gained mutation: You regenerate a little health from kills.
                  | [demonic ancestry]
  2938 | D:4      | Reached XP level 6. HP: 37/47 MP: 6/6
  3207 | D:5      | Entered Level 5 of the Dungeon
  3207 | D:5      | Found an opulent altar of Gozag.
  3271 | D:5      | Got the Catalogue of the Manifold Shrikes
  3304 | D:5      | Noticed Pikel
  3358 | D:5      | Killed Pikel
  3359 | D:5      | Gained mutation: You are partially covered in yellow
                  | scales. (AC +2) [demonic ancestry]
  3359 | D:5      | Reached XP level 7. HP: 37/52 MP: 5/7
  3495 | D:5      | Reached XP level 8. HP: 58/58 MP: 8/8
  3520 | D:5      | Noticed Menkaure
  3525 | D:5      | Killed Menkaure
  3987 | D:5      | Found a burning altar of Makhleb.
  3987 | D:5      | Found a sparkling altar of Nemelex Xobeh.
  4079 | D:6      | Found a staircase to the Ecumenical Temple.
  4080 | D:6      | Reached ****** piety under Jiyva
  4414 | D:6      | Reached skill level 10 in Short Blades
  4604 | D:6      | Lost mutation: You are very agile. (Dex +8, Str/Int -2)
                  | [Jiyva's grace]
  4604 | D:6      | Lost mutation: Your flesh is almost immune to the effects
                  | of heat. (rF+++) [Jiyva's grace]
  4604 | D:6      | Gained mutation: You expend magic power (3 MP) to
                  | strengthen your wands. [Jiyva's grace]
  4604 | D:6      | Gained mutation: Your system is resistant to poisons.
                  | (rPois) [Jiyva's grace]
  4604 | D:6      | Gained mutation: Your mind is acute. (Int +4, Str/Dex -1)
                  | [Jiyva's grace]
  4604 | D:6      | Gained mutation: Your mind is very acute. (Int +8, Str/Dex
                  | -2) [Jiyva's grace]
  4912 | D:6      | Identified a scroll of acquirement
  4912 | D:6      | Acquired 962 gold pieces
  5240 | D:7      | Reached XP level 9. HP: 49/63 MP: 7/9
  5341 | D:7      | Reached skill level 3 in Dodging
  5400 | D:7      | Noticed a troll
  5408 | D:7      | Killed a troll
  5409 | D:7      | Reached skill level 4 in Dodging
  5450 | D:7      | Identified the +8 quick blade of Bankruptcy {chaos, rPois
                  | MP-9 Int+6 Dex+3}
  5564 | D:7      | Reached skill level 5 in Dodging
  5893 | D:8      | Found Kowoe's Armour Boutique.
  5929 | D:8      | Found Gaboum's General Store.
  5930 | D:8      | Found Urynal's Weapon Shoppe.
  5938 | D:8      | Bought a potion of curing for 39 gold pieces
  5938 | D:8      | Bought a scroll of fog for 52 gold pieces
  5949 | D:8      | Bought 2 potions of resistance for 260 gold pieces
  5949 | D:8      | Bought a scroll of enchant armour for 97 gold pieces
  6084 | D:8      | Found a flagged portal.
  6101 | Bailey   | Entered a bailey
  6218 | Bailey   | Reached skill level 6 in Dodging
  6394 | Bailey   | Identified the +7 hand axe "Zidablif" {heavy, rC+ Str+2
                  | Int+2}
  6397 | Bailey   | Identified the +6 crystal plate armour of the Harvest {rF+}
  6537 | D:8      | Found a basalt altar of Yredelemnul.
  6561 | D:8      | Lost mutation: You are agile. (Dex +4, Str/Int -1) [Jiyva's
                  | grace]
  6561 | D:8      | Lost mutation: Your mind is very acute. (Int +8, Str/Dex
                  | -2) [Jiyva's grace]
  6561 | D:8      | Lost mutation: Your flesh is very heat resistant. (rF++)
                  | [Jiyva's grace]
  6561 | D:8      | Lost mutation: You have a small jelly attached to you that
                  | may absorb projectiles. [Jiyva's grace]
  6561 | D:8      | Gained mutation: Your translucent skin slightly reduces
                  | your foes' accuracy. (Stealth+) [Jiyva's grace]
  6561 | D:8      | Gained mutation: Your translucent skin reduces your foes'
                  | accuracy. (Stealth+) [Jiyva's grace]
  6561 | D:8      | Gained mutation: Your transparent skin significantly
                  | reduces your foes' accuracy. (Stealth+) [Jiyva's grace]
  6561 | D:8      | Gained mutation: You have hidden genetic potential.
                  | [Jiyva's grace]
  6600 | D:8      | Reached skill level 7 in Dodging
  6631 | D:8      | Found Owamaim's Antique Weapon Shop.
  6639 | D:8      | Bought a crystal short sword for 216 gold pieces
  6639 | D:8      | Identified the +3 short sword of Fortitude {pain, Int+2
                  | Dex+2} (You bought it in a shop on level 8 of the Dungeon)
  6685 | D:8      | Noticed Maurice
  6700 | D:8      | Killed Maurice
  6701 | D:8      | Reached XP level 10. HP: 70/70 MP: 1/10
  6717 | D:8      | Acquired the +0 hat of the Arcane {Slay+5}
  6940 | D:8      | Found Zuirph's Distillery.
  6946 | D:8      | Bought a potion of mutation for 96 gold pieces
  6946 | D:8      | Bought a potion of curing for 36 gold pieces
  6946 | D:8      | Bought a potion of curing for 36 gold pieces
  6946 | D:8      | Bought a potion of curing for 36 gold pieces
  7237 | D:9      | Found a runed translucent door.
  7241 | D:9      | Noticed monoptic's ghost (journeyman HOFi)
  7304 | D:9      | Reached skill level 8 in Dodging
  7528 | D:9      | Gained mutation: You are partially covered in large bone
                  | plates. (SH +4) [hidden potential]
  7599 | D:9      | Reached skill level 9 in Dodging
  7606 | D:9      | Reached skill level 5 in Fighting
  7731 | D:9      | Noticed Psyche
  7738 | D:9      | Killed Psyche
  7934 | D:9      | Killed monoptic's ghost
  7956 | D:9      | Got the Excursus on the Xenolith
  7982 | D:10     | Entered Level 10 of the Dungeon
  8021 | D:10     | Reached skill level 10 in Dodging
  8026 | D:10     | Reached XP level 11. HP: 83/83 MP: 2/11
  8121 | D:10     | Found Utoduc's Book Shop.
  8543 | D:10     | Found a staircase to the Orcish Mines.
  8641 | D:11     | Lost mutation: You are partially covered in large bone
                  | plates. (SH +4) [Jiyva's grace]
  8641 | D:11     | Lost mutation: Your transparent skin significantly reduces
                  | your foes' accuracy. (Stealth+) [Jiyva's grace]
  8641 | D:11     | Lost mutation: Your translucent skin reduces your foes'
                  | accuracy. (Stealth+) [Jiyva's grace]
  8641 | D:11     | Lost mutation: You have hidden genetic potential. [Jiyva's
                  | grace]
  8641 | D:11     | Gained mutation: Your melee attacks may engulf your foes in
                  | ooze. [Jiyva's grace]
  8641 | D:11     | Gained mutation: You have a small jelly attached to you
                  | that may absorb projectiles. [Jiyva's grace]
  8641 | D:11     | Gained mutation: You have a pair of horns on your head.
                  | [Jiyva's grace]
  8641 | D:11     | Gained mutation: You have a pair of large horns on your
                  | head. [Jiyva's grace]
  8642 | D:11     | Found a staircase to the Lair.
  8916 | D:11     | Reached skill level 11 in Dodging
  9077 | D:11     | Noticed a boulder beetle
  9093 | D:11     | Killed a boulder beetle
  9350 | D:11     | Reached skill level 12 in Dodging
  9369 | D:11     | a komodo dragon changed into a glowing shapeshifter
  9369 | D:11     | Noticed a glowing shapeshifter (glowing shapeshifter)
  9370 | D:11     | a glowing shapeshifter changed into an eye of devastation
  9395 | D:11     | a water nymph changed into an anaconda
  9395 | D:11     | Noticed an anaconda (glowing shapeshifter)
  9404 | D:11     | Noticed an orb spider
  9404 | D:11     | an orb spider changed into an eye of devastation
  9411 | D:11     | an eye of devastation changed into a glowing orange brain
  9411 | D:11     | Noticed a glowing orange brain (glowing shapeshifter)
  9412 | D:11     | a glowing orange brain changed into a glowing shapeshifter
  9412 | D:11     | Noticed a glowing shapeshifter (glowing shapeshifter)
  9413 | D:11     | a glowing shapeshifter changed into a wolf spider
  9413 | D:11     | Noticed a wolf spider (glowing shapeshifter)
  9416 | D:11     | a wolf spider changed into a great orb of eyes
  9416 | D:11     | Noticed a great orb of eyes (glowing shapeshifter)
  9419 | D:11     | a great orb of eyes changed into a wolf spider
  9419 | D:11     | Noticed a wolf spider (glowing shapeshifter)
  9716 | D:12     | Noticed a two-headed ogre
  9720 | D:12     | Reached XP level 12. HP: 68/92 MP: 1/12
  9725 | D:12     | Noticed Kirke
  9730 | D:12     | Reached skill level 13 in Dodging
  9787 | D:12     | Killed a two-headed ogre
  9946 | D:12     | You fall into a shaft and drop 3 floors!
  9946 | D:15     | Entered Level 15 of the Dungeon
 10060 | D:15     | Noticed a centaur warrior
 10071 | D:15     | Killed a centaur warrior
 10072 | D:15     | Reached skill level 14 in Dodging
 10128 | D:15     | Noticed a five-headed hydra
 10146 | D:15     | Killed a five-headed hydra
 10164 | D:14     | Noticed a boulder beetle
 10176 | D:14     | Killed a boulder beetle
 10198 | D:14     | Noticed a tengu warrior
 10206 | D:14     | Killed a tengu warrior
 10257 | D:14     | Lost mutation: You have a pair of large horns on your head.
                  | [Jiyva's grace]
 10257 | D:14     | Lost mutation: Your flesh is heat resistant. (rF+) [Jiyva's
                  | grace]
 10257 | D:14     | Lost mutation: Your system is resistant to poisons. (rPois)
                  | [Jiyva's grace]
 10257 | D:14     | Lost mutation: Your translucent skin slightly reduces your
                  | foes' accuracy. (Stealth+) [Jiyva's grace]
 10257 | D:14     | Lost mutation: You have a small jelly attached to you that
                  | may absorb projectiles. [Jiyva's grace]
 10257 | D:14     | Lost mutation: You expend magic power (3 MP) to strengthen
                  | your wands. [Jiyva's grace]
 10257 | D:14     | Gained mutation: Your translucent skin slightly reduces
                  | your foes' accuracy. (Stealth+) [Jiyva's grace]
 10257 | D:14     | Gained mutation: Your translucent skin reduces your foes'
                  | accuracy. (Stealth+) [Jiyva's grace]
 10257 | D:14     | Gained mutation: Your transparent skin significantly
                  | reduces your foes' accuracy. (Stealth+) [Jiyva's grace]
 10257 | D:14     | Gained mutation: Your body has grown eyes which may confuse
                  | attackers. (Acc +3) [Jiyva's grace]
 10322 | D:14     | Noticed a boulder beetle
 10337 | D:14     | Killed a boulder beetle
 10631 | D:14     | Reached skill level 15 in Dodging
 10763 | D:14     | Noticed a centaur warrior
 10780 | D:14     | Killed a centaur warrior
 10781 | D:14     | Reached skill level 5 in Stealth
 10862 | D:13     | Noticed a two-headed ogre
 10863 | D:13     | Found a gate to the Vaults.
 10863 | D:13     | Noticed a two-headed ogre
 10863 | D:13     | Noticed a centaur warrior
 10864 | D:13     | Killed a centaur warrior
 10869 | D:13     | Noticed an ogre mage
 10869 | D:13     | Killed a two-headed ogre
 10877 | D:13     | Killed a two-headed ogre
 10878 | D:13     | Reached XP level 13. HP: 89/98 MP: 2/13
 10959 | D:13     | Identified the ring of Giyt {rElec Will+ EV+5 Dex-2}
 10959 | D:13     | Identified the +10 mace of Doom {heavy, *Corrode rC+ Str+7
                  | Int+4}
 11158 | D:13     | Reached skill level 16 in Dodging
 11239 | D:13     | Found a runed translucent door.
 11239 | D:13     | Found a shimmering altar of Xom.
 11239 | D:13     | Noticed Jynaviopo's ghost (journeyman GrFi)
 11725 | D:12     | Noticed a sphinx
 11743 | D:12     | Killed Kirke
 11975 | D:12     | Noticed Nessos
 11993 | D:12     | Killed Nessos
 12060 | Lair:1   | Entered Level 1 of the Lair of Beasts
 12310 | Lair:1   | Lost mutation: Your body has grown eyes which may confuse
                  | attackers. (Acc +3) [Jiyva's grace]
 12310 | Lair:1   | Lost mutation: Your transparent skin significantly reduces
                  | your foes' accuracy. (Stealth+) [Jiyva's grace]
 12310 | Lair:1   | Lost mutation: Your translucent skin reduces your foes'
                  | accuracy. (Stealth+) [Jiyva's grace]
 12310 | Lair:1   | Gained mutation: You have hidden genetic potential.
                  | [Jiyva's grace]
 12310 | Lair:1   | Gained mutation: You have great hidden genetic potential.
                  | [Jiyva's grace]
 12310 | Lair:1   | Gained mutation: Your translucent skin reduces your foes'
                  | accuracy. (Stealth+) [Jiyva's grace]
 12310 | Lair:1   | Gained mutation: Your transparent skin significantly
                  | reduces your foes' accuracy. (Stealth+) [Jiyva's grace]
 12542 | Lair:1   | Reached skill level 17 in Dodging
 13114 | Lair:2   | Noticed Fannar
 13123 | Lair:2   | Killed Fannar
 13230 | Lair:2   | Found a gate leading to a gauntlet.
 13240 | Gauntlet | Entered a Gauntlet
 13240 | Gauntlet | Found a transporter.
 13240 | Gauntlet | Found a transporter.
 13252 | Gauntlet | Found a transporter.
 13268 | Gauntlet | Found a transporter.
 13271 | Gauntlet | Found a transporter.
 13271 | Gauntlet | Found a transporter.
 13273 | Gauntlet | Found a transporter.
 13273 | Gauntlet | Found a transporter.
 13285 | Gauntlet | Found a transporter.
 13301 | Gauntlet | Found a transporter.
 13311 | Gauntlet | Found a transporter.
 13311 | Gauntlet | Noticed a blizzard demon
 13325 | Gauntlet | Found a transporter.
 13345 | Gauntlet | Found a transporter.
 13357 | Gauntlet | Found a transporter.
 13422 | Gauntlet | Identified the ring of Etenij {Ice rPois Will+ Str+4 Int-3}
 13444 | Gauntlet | Identified the ring "Hacijah" {+Blink rF+++ Will+ rCorr
                  | Stlth+}
 13450 | Gauntlet | Got the Papyrus of the Sphinx and Teratogeny
 13471 | Gauntlet | Identified the +2 cloak of the Circus Animal {*Slow +Blink
                  | Str+2}
 13526 | Gauntlet | Noticed a minotaur
 13534 | Gauntlet | Killed a minotaur
 13738 | Lair:2   | Reached skill level 18 in Dodging
 13864 | Lair:2   | Found a staircase to the Snake Pit.
 14004 | Lair:2   | Reached XP level 14. HP: 105/105 MP: 5/14
 14177 | Lair:2   | Lost mutation: You have great hidden genetic potential.
                  | [Jiyva's grace]
 14177 | Lair:2   | Lost mutation: You have hidden genetic potential. [Jiyva's
                  | grace]
 14177 | Lair:2   | Gained mutation: A frigid envelope surrounds you and
                  | freezes all who hurt you. [Jiyva's grace]
 14177 | Lair:2   | Gained mutation: You expend magic power (3 MP) to
                  | strengthen your wands. [Jiyva's grace]
 14177 | Lair:2   | Gained mutation: Your system is resistant to poisons.
                  | (rPois) [Jiyva's grace]
 14177 | Lair:2   | Gained mutation: You have a somewhat thin skeletal
                  | structure. (Dex +2, Stealth+) [Jiyva's grace]
 14183 | Lair:2   | Noticed Harold
 14184 | Lair:2   | Noticed Nergalle
 14190 | Lair:2   | Killed Harold
 14192 | Lair:2   | Killed Nergalle
 14844 | Lair:3   | Found a runed translucent door.
 14847 | Lair:3   | Lost mutation: You have a pair of horns on your head.
                  | [Jiyva's grace]
 14847 | Lair:3   | Lost mutation: Your transparent skin significantly reduces
                  | your foes' accuracy. (Stealth+) [Jiyva's grace]
 14847 | Lair:3   | Gained mutation: You have supernaturally acute eyesight.
                  | (SInv) [Jiyva's grace]
 14847 | Lair:3   | Gained mutation: You possess an exceptional clarity of
                  | mind. [Jiyva's grace]
 14847 | Lair:3   | Gained mutation: Your body has grown eyes which may confuse
                  | attackers. (Acc +3) [Jiyva's grace]
 14847 | Lair:3   | Gained mutation: Your body has grown many eyes which may
                  | confuse attackers. (Acc +5) [Jiyva's grace]
 15125 | Lair:3   | Found a staircase to the Swamp.
 15534 | Lair:4   | Found a staircase to the Slime Pits.
 15534 | Lair:4   | Found a viscous altar of Jiyva.
 15603 | Lair:4   | Found a frozen archway.
 15629 | IceCv    | Entered an ice cave
 15683 | IceCv    | Reached skill level 19 in Dodging
 15948 | IceCv    | Noticed a reaper
 15984 | IceCv    | Killed a reaper
 16022 | IceCv    | Identified the ring "Nucanoal" {Ice rElec Will+ Int+3}
 16026 | IceCv    | Got the Discursus on Grim Elsewhere
 16538 | Lair:4   | Noticed Snorg
 16550 | Lair:4   | Killed Snorg
 16681 | Lair:4   | Noticed Josephine
 16703 | Lair:4   | Killed Josephine
 16871 | Slime:1  | Entered Level 1 of the Pits of Slime
 16871 | Slime:1  | Noticed an acid blob
 16891 | Slime:3  | Noticed an azure jelly
 16904 | Slime:3  | Noticed a rockslime
 16922 | Slime:5  | Entered Level 5 of the Pits of Slime
 16924 | Slime:5  | Noticed an azure jelly
 16936 | Slime:5  | Found a viscous altar of Jiyva.
 16937 | Slime:5  | Noticed an acid blob
 16937 | Slime:5  | Noticed an acid blob
 16937 | Slime:5  | Noticed an acid blob
 16938 | Slime:5  | Noticed an azure jelly
 16938 | Slime:5  | Noticed a quicksilver ooze
 16938 | Slime:5  | Noticed an acid blob
 16939 | Slime:5  | Found the +3 hat of Pondering {ponderous, Will+ MP+10
                  | Int+5}
 16940 | Slime:5  | Noticed an acid blob
 16941 | Slime:5  | Noticed an acid blob
 16941 | Slime:5  | Noticed the Royal Jelly
 16942 | Slime:5  | Noticed an acid blob
 16942 | Slime:5  | Noticed an acid blob
 16958 | Slime:5  | Identified the +4 dagger "Omawojif" {protect, Dex+3}
 16965 | Slime:5  | Got the Discourse on Turbulent Configuration
 16975 | Slime:5  | Got a slimy rune of Zot
 17024 | Slime:2  | Noticed an azure jelly
 17029 | Slime:2  | Noticed an azure jelly
 17031 | Slime:1  | Noticed an acid blob
 17056 | Slime:2  | Noticed an acid blob
 17061 | Slime:1  | Noticed a quicksilver ooze
 17107 | Lair:5   | Entered Level 5 of the Lair of Beasts
 17223 | Lair:5   | Reached skill level 20 in Dodging
 17346 | Lair:5   | Lost mutation: A frigid envelope surrounds you and freezes
                  | all who hurt you. [Jiyva's grace]
 17346 | Lair:5   | Lost mutation: Your translucent skin reduces your foes'
                  | accuracy. (Stealth+) [Jiyva's grace]
 17346 | Lair:5   | Gained mutation: Your mind is very acute. (Int +8, Str/Dex
                  | -2) [Jiyva's grace]
 17346 | Lair:5   | Gained mutation: Your flesh is cold resistant. (rC+)
                  | [Jiyva's grace]
 17346 | Lair:5   | Gained mutation: Your flesh is very cold resistant. (rC++)
                  | [Jiyva's grace]
 17346 | Lair:5   | Gained mutation: Your flesh is almost immune to the effects
                  | of cold. (rC+++) [Jiyva's grace]
 17626 | Lair:5   | Identified the +6 hand axe of the Fortifying Whale {freeze,
                  | Contam rPois Dex+3}
 17649 | Lair:5   | Gained mutation: Your demonic aura often causes spilled
                  | blood to erupt in flames. [demonic ancestry]
 17649 | Lair:5   | Reached XP level 15. HP: 110/110 MP: 6/15
 18153 | Orc:1    | Entered Level 1 of the Orcish Mines
 18396 | Orc:2    | Entered Level 2 of the Orcish Mines
 18409 | Orc:2    | Found a staircase to the Elven Halls.
 18561 | Orc:2    | Reached skill level 21 in Dodging
 18562 | Orc:2    | Found Kymnienu's Book Boutique.
 18562 | Orc:2    | Found Fypit's Armour Shop.
 18562 | Orc:2    | Found Eroe's Antique Weapon Shop.
 18574 | Orc:2    | Found Wuazui's Distillery.
 18625 | Orc:2    | Noticed Urug
 18641 | Orc:2    | Killed Urug
 19061 | Orc:2    | Bought a +0 buckler for 67 gold pieces
 19669 | D:15     | Found a staircase to the Depths.
 19848 | D:15     | Reached skill level 1 in Evocations
 19855 | D:15     | Reached skill level 1 in Armour
 19855 | D:15     | Reached skill level 1 in Shields
 19934 | D:15     | Identified Roxanne's Omnibus of the Ground
 19934 | D:15     | Noticed Roxanne
 20428 | D:15     | Killed Roxanne
 20622 | Snake:1  | Entered Level 1 of the Snake Pit
 20663 | Snake:1  | Reached skill level 1 in Spellcasting
 21200 | Snake:2  | Lost mutation: Your mind is very acute. (Int +8, Str/Dex
                  | -2) [Jiyva's grace]
 21200 | Snake:2  | Lost mutation: Your flesh is almost immune to the effects
                  | of cold. (rC+++) [Jiyva's grace]
 21200 | Snake:2  | Lost mutation: Your flesh is very cold resistant. (rC++)
                  | [Jiyva's grace]
 21200 | Snake:2  | Lost mutation: Your flesh is cold resistant. (rC+) [Jiyva's
                  | grace]
 21200 | Snake:2  | Gained mutation: You are covered in slimy tendrils that may
                  | disarm your opponents. [Jiyva's grace]
 21200 | Snake:2  | Gained mutation: Your muscles are strong. (Str +4, Int/Dex
                  | -1) [Jiyva's grace]
 21200 | Snake:2  | Gained mutation: Your muscles are very strong. (Str +8,
                  | Int/Dex -2) [Jiyva's grace]
 21200 | Snake:2  | Gained mutation: You have a pair of horns on your head.
                  | [Jiyva's grace]
 21271 | Snake:2  | Noticed Vashnia
 21297 | Snake:2  | Killed Vashnia
 21298 | Snake:2  | Gained mutation: Your demonic aura causes all spilled blood
                  | to erupt in flames. [demonic ancestry]
 21298 | Snake:2  | Reached XP level 16. HP: 111/119 MP: 9/20
 21522 | Snake:2  | Noticed Aizul
 21532 | Snake:2  | Killed Aizul
 21902 | Snake:2  | Found Gojy Toar's Jewellery Shop.
 21902 | Snake:2  | Found Ykhuxeaf's Book Shoppe.
 21903 | Snake:2  | Found Qiry's Jewellery Shop.
 22268 | Snake:3  | Found Koni's Magic Scroll Shop.
 22572 | Snake:3  | Reached skill level 5 in Evocations
 22953 | Snake:3  | Lost mutation: You have a pair of horns on your head.
                  | [Jiyva's grace]
 22953 | Snake:3  | Lost mutation: You possess an exceptional clarity of mind.
                  | [Jiyva's grace]
 22953 | Snake:3  | Lost mutation: Your mind is acute. (Int +4, Str/Dex -1)
                  | [Jiyva's grace]
 22953 | Snake:3  | Gained mutation: Your body is covered in eyes which may
                  | confuse attackers. (Acc +7, SInv) [Jiyva's grace]
 22953 | Snake:3  | Gained mutation: You are robust. (+10% HP) [Jiyva's grace]
 22953 | Snake:3  | Gained mutation: You are very robust. (+20% HP) [Jiyva's
                  | grace]
 22953 | Snake:3  | Gained mutation: You are extremely robust. (+30% HP)
                  | [Jiyva's grace]
 23325 | Snake:3  | Reached skill level 5 in Shields
 23572 | Snake:4  | Entered Level 4 of the Snake Pit
 23769 | Snake:4  | Reached skill level 10 in Fighting
 23769 | Snake:4  | Reached skill level 5 in Spellcasting
 24146 | Snake:4  | Found Ctuqy's Commerce Corner.
 24183 | Snake:4  | Bought a condenser vane for 760 gold pieces
 24423 | Snake:4  | Got a serpentine rune of Zot
 24678 | Swamp:1  | Entered Level 1 of the Swamp
 24695 | Swamp:1  | Gained mutation: Your touch may inflict irresistible damage
                  | on your foes. [demonic ancestry]
 24695 | Swamp:1  | Reached XP level 17. HP: 154/169 MP: 17/26
 25104 | Swamp:2  | Lost mutation: Your system is resistant to poisons. (rPois)
                  | [Jiyva's grace]
 25104 | Swamp:2  | Lost mutation: You are extremely robust. (+30% HP) [Jiyva's
                  | grace]
 25104 | Swamp:2  | Lost mutation: Your body is covered in eyes which may
                  | confuse attackers. (Acc +7, SInv) [Jiyva's grace]
 25104 | Swamp:2  | Lost mutation: You are covered in slimy tendrils that may
                  | disarm your opponents. [Jiyva's grace]
 25104 | Swamp:2  | Lost mutation: You expend magic power (3 MP) to strengthen
                  | your wands. [Jiyva's grace]
 25104 | Swamp:2  | Gained mutation: Your body is covered in eyes which may
                  | confuse attackers. (Acc +7, SInv) [Jiyva's grace]
 25104 | Swamp:2  | Gained mutation: Your mind is acute. (Int +4, Str/Dex -1)
                  | [Jiyva's grace]
 25104 | Swamp:2  | Gained mutation: Your mind is very acute. (Int +8, Str/Dex
                  | -2) [Jiyva's grace]
 25104 | Swamp:2  | Gained mutation: You are covered in slimy tendrils that may
                  | disarm your opponents. [Jiyva's grace]
 25324 | Swamp:2  | Identified the ring of the Sun {rF++ Int+6}
 25670 | Swamp:3  | Reached skill level 10 in Stealth
 26335 | Swamp:4  | Entered Level 4 of the Swamp
 26623 | Swamp:4  | Identified the +10 scimitar "Borih" {venom, Will+ Dex+3
                  | Stlth+}
 26685 | Swamp:4  | Noticed the 27-headed Lernaean hydra
 26694 | Swamp:4  | Killed the 27-headed Lernaean hydra
 26699 | Swamp:4  | Got a decaying rune of Zot
 26878 | Swamp:4  | Noticed a tentacled monstrosity
 26900 | Swamp:4  | Killed a tentacled monstrosity
 27177 | Elf:1    | Entered Level 1 of the Elven Halls
 27196 | Elf:1    | Gained mutation: You are mostly covered in yellow scales.
                  | (AC +3) [demonic ancestry]
 27196 | Elf:1    | Reached XP level 18. HP: 157/171 MP: 22/31
 27234 | Elf:1    | Reached skill level 10 in Spellcasting
 27508 | Elf:1    | Lost mutation: You have a somewhat thin skeletal structure.
                  | (Dex +2, Stealth+) [Jiyva's grace]
 27508 | Elf:1    | Lost mutation: Your mind is very acute. (Int +8, Str/Dex
                  | -2) [Jiyva's grace]
 27508 | Elf:1    | Gained mutation: Your mind is very acute. (Int +8, Str/Dex
                  | -2) [Jiyva's grace]
 27508 | Elf:1    | Gained mutation: Armour fits poorly on your pseudopods.
                  | [Jiyva's grace]
 27508 | Elf:1    | Gained mutation: Armour fits poorly on your large
                  | pseudopods. [Jiyva's grace]
 27508 | Elf:1    | Gained mutation: Armour fits poorly on your massive
                  | pseudopods. [Jiyva's grace]
 27597 | Elf:1    | Found an ancient bone altar of Kikubaaqudgha.
 28228 | Elf:2    | Found Awniz's Weapon Shop.
 28558 | Elf:2    | Reached skill level 22 in Dodging
 28719 | Elf:2    | Found a runed translucent gate.
 28722 | Elf:2    | Found a runed translucent gate.
 28722 | Elf:2    | Found a runed translucent gate.
 28903 | Elf:3    | Entered Level 3 of the Elven Halls
 29073 | Elf:3    | Got the Compilation of Grounded Coordinates
 29139 | Elf:3    | Lost mutation: You have a pair of small horns on your head.
                  | [Jiyva's grace]
 29139 | Elf:3    | Lost mutation: You are very robust. (+20% HP) [Jiyva's
                  | grace]
 29139 | Elf:3    | Gained mutation: You have very sharp teeth. [Jiyva's grace]
 29139 | Elf:3    | Gained mutation: You have extremely sharp teeth. [Jiyva's
                  | grace]
 29139 | Elf:3    | Gained mutation: You have razor-sharp teeth. [Jiyva's
                  | grace]
 29139 | Elf:3    | Gained mutation: Your natural rate of healing is unusually
                  | fast. [Jiyva's grace]
 29208 | Elf:3    | Paralysed by an air elemental for 1 turns
 29236 | Elf:3    | HP: 7/160 [deep elf master archer/arrow (33)]
 29262 | Elf:3    | Got Dirroaga's Codex of Transmigration
 29293 | Elf:3    | Noticed a Brimstone Fiend
 29346 | Elf:3    | Noticed a Hell Sentinel
 29353 | Elf:3    | Noticed a Tzitzimitl
 29356 | Elf:3    | Gained mutation: You are completely covered in yellow
                  | scales. (AC +4, rCorr) [demonic ancestry]
 29356 | Elf:3    | Reached XP level 19. HP: 150/165 MP: 20/35
 29403 | Elf:3    | Noticed a Tzitzimitl
 29419 | Elf:3    | Got the Handbook of Gritty Embers
 29420 | Elf:3    | Identified the ring of Wiofiu {Ice rN+}
 29475 | Elf:3    | Identified the +6 morningstar of Duty {venom, *Rage rCorr
                  | Int+3}
 29478 | Elf:3    | Identified the +3 halberd of Squeaky Action {flame, rElec
                  | Will+ Dex+3}
 29550 | Elf:3    | Got Sif Muna's Almanac of the Volcano
 29553 | Elf:3    | Got the Compilation of the Hart
 29691 | Elf:3    | Found the +8 demon trident "Rift" {distort, reach+}
 29695 | Elf:3    | Identified the +4 quarterstaff "Fyaguat" {flame, Fly rCorr
                  | Int-3 SInv}
 29754 | Elf:3    | Identified the +2 scale mail of Mumblety Peg {rCorr}
 30135 | Depths:1 | Entered Level 1 of the Depths
 30235 | Depths:2 | Noticed a golden dragon
 30236 | Depths:2 | Killed a golden dragon
 30237 | Depths:2 | Reached skill level 23 in Dodging
 30530 | Depths:3 | Noticed Margery
 30553 | Depths:3 | Killed Margery
 30815 | Depths:4 | Entered Level 4 of the Depths
 30892 | Depths:4 | Found a gate to the Realm of Zot.
 30898 | Zot:1    | Entered Level 1 of the Realm of Zot
 31020 | Zot:2    | Gained mutation: Your touch may irresistibly damage your
                  | foes and sap their willpower. [demonic ancestry]
 31020 | Zot:2    | Reached XP level 20. HP: 152/174 MP: 25/38
 31501 | Zot:2    | Noticed a golden dragon
 31533 | Zot:3    | Reached skill level 24 in Dodging
 31554 | Zot:3    | Killed a golden dragon
 31806 | Zot:3    | Reached skill level 15 in Fighting
 31904 | Zot:3    | Lost mutation: You have razor-sharp teeth. [Jiyva's grace]
 31904 | Zot:3    | Lost mutation: You have supernaturally acute eyesight.
                  | (SInv) [Jiyva's grace]
 31904 | Zot:3    | Lost mutation: Your natural rate of healing is unusually
                  | fast. [Jiyva's grace]
 31904 | Zot:3    | Lost mutation: Your muscles are very strong. (Str +8,
                  | Int/Dex -2) [Jiyva's grace]
 31904 | Zot:3    | Lost mutation: Armour fits poorly on your massive
                  | pseudopods. [Jiyva's grace]
 31904 | Zot:3    | Gained mutation: You have a small jelly attached to you
                  | that may absorb projectiles. [Jiyva's grace]
 31904 | Zot:3    | Gained mutation: Your muscles are very strong. (Str +8,
                  | Int/Dex -2) [Jiyva's grace]
 31904 | Zot:3    | Gained mutation: You have sharp toenails. [Jiyva's grace]
 31904 | Zot:3    | Gained mutation: You have razor-sharp toenails. [Jiyva's
                  | grace]
 31927 | Zot:4    | Noticed a Killer Klown
 31949 | Zot:4    | Killed a Killer Klown
 31990 | Zot:5    | Entered Level 5 of the Realm of Zot
 32252 | Zot:5    | Noticed a golden dragon
 32274 | Zot:5    | Killed a golden dragon
 32480 | Zot:5    | Reached skill level 25 in Dodging
 32618 | Zot:5    | Noticed an ancient lich
 32634 | Zot:5    | Noticed a Killer Klown
 32668 | Zot:5    | Gained mutation: You regenerate health from kills. [demonic
                  | ancestry]
 32668 | Zot:5    | Reached XP level 21. HP: 171/187 MP: 28/39
 32686 | Zot:5    | Killed an ancient lich
 32712 | Zot:5    | Noticed an orb of fire
 32720 | Zot:5    | Gained mutation: Your body sometimes deteriorates upon
                  | taking damage. [an orb of fire]
 32743 | Zot:5    | Gained mutation: You sometimes lose your temper in combat.
                  | [an orb of fire]
 32751 | Zot:5    | Noticed an ancient lich
 32752 | Zot:5    | Lost mutation: Your mind is very acute. (Int +8, Str/Dex
                  | -2) [an orb of fire]
 32755 | Zot:5    | Killed an orb of fire
 32759 | Zot:5    | Killed a Killer Klown
 32769 | Zot:5    | Noticed a dread lich
 32793 | Zot:5    | Killed from afar by an ancient lich

Illustrated notes

Levels and vault maps discovered:
D:1:      minmay_arrival_stair_chambers, layout_loops_ring,
          dreamdust_ecumenical_altar_sealed_demon, nicolae_titane
D:2:      layout_loops_corners, amethyst_killhole
D:3:      layout_loops_ring, gammafunk_ghost_icy, serial_forest,
          infiniplex_forest_straight_3, infiniplex_forest_clump_cross,
          infiniplex_forest_straight_4, infiniplex_forest_fountain,
          infiniplex_forest_straight_2
D:4:      layout_loops_ring, minmay_between
D:5:      layout_cave_pods, nicolae_gozag_seed_capital,
          gammafunk_temple_overflow_elements, uniq_menkaure, uniq_pikel
D:6:      layout_gridville, temple_pool_b
D:7:      layout_basic, kennysheep_generic_room_6
D:8:      nicolae_cairo_tiling_large, layout_gridville,
          yredelemnul_altar_generic, serial_shops, shop_statue,
          nicolae_stop_n_shop_2, shop, shop_statue, nicolae_diamond_shop,
          enter_bailey_5, uniq_maurice
D:9:      layout_cave_pods, hellmonk_ghost_big_iron, uniq_psyche
D:10:     layout_roguey, david_orc_4, serial_shops, nicolae_shop_waterfront
D:11:     lemuel_reptile_caves, layout_loops_ring, erik_lair_island,
          roderic_lattice_a
D:12:     layout_big_octagon, uniq_kirke, uniq_nessos
D:13:     cheibrodos_wizards_tower, layout_basic, david_vaults_2,
          ebering_ghost_xom
D:14:     layout_gridville, serial_glass, glass_columns_a, glass_columns_c,
          minmay_misc_feat_enclosed
D:15:     gammafunk_depths_entry_grave, layout_long_grid, uniq_roxanne
Lair:1:   layout_layer_cave, dreamdust_mushroom_princess, serial_bayou_shore_a,
          grunt_megastairs_1
Lair:2:   layout_cellular_growth, minmay_snake_entry_guardpost_small,
          gauntlet_entry_generic, chequers_serial_rivers_large_a,
          gammafunk_lair_bear_cave, serial_bayou_shore_b, lemuel_fruit_fields,
          uniq_harold, uniq_nergalle, uniq_fannar
Lair:3:   dreamdust_labyrinth, layout_regular_city,
          nicolae_swamp_entry_splash_gauntlet
Lair:4:   layout_cave_pods, slime_entry_1, portal_ice_cave_rime,
          serial_bayou_shore_b, uniq_snorg, uniq_josephine
Lair:5:   minmay_lair_end_frog_pond, layout_loops_ring, minivault_27,
          columned_hall_lemuel
Swamp:1:  layout_falls_marsh, hangedman_swamp_ruin_wall
Swamp:2:  nicolae_swamp_wrong_neighborhood, layout_basic_swamp,
          infiniplex_staircase_pool_2, swamp_pool5
Swamp:3:  layout_basic_swamp, evilmike_swamp_ruin_house_5
Swamp:4:  grunt_swamp_rune_castle, layout_basic_swamp, swamp_pool1
Snake:1:  layout_grid_shapes, serial_bayou_lagoon_b
Snake:2:  layout_gridlike, minmay_shop_grove, nicolae_triple_integral,
          lemuel_fruit_tree, uniq_aizul, uniq_vashnia
Snake:3:  layout_layer_cave, nicolae_snake_yet_another_twisty_hallway,
          nicolae_take_the_stairs, hangedman_snake_thin_pillar_pass
Snake:4:  minmay_snake_end_coiled, layout_cave_town, nicolae_alphabet_shops,
          grunt_megastairs_3
Slime:1:  layout_caves
Slime:2:  layout_caves
Slime:3:  layout_caves, cheibrodos_slime_lost_civilization_5
Slime:4:  layout_caves
Slime:5
Orc:1:    layout_caves
Orc:2:    st_orc_mages, layout_caves, bh_open_orc_temple, uniq_urug
Elf:1:    nicolae_elf_arrival_no_cutting_in_line, layout_loops_corners,
          basic_altar, minmay_elf_crystal_hexagon
Elf:2:    nicolae_elf_blades_crystal_corner, layout_rooms, serial_shops, shop
Elf:3:    nooodl_elf_gasket, layout_geoelf_grid
Depths:1: layout_roguey, grunt_mini_vestibule, hangedman_decor_slide_cut,
          okawaru_trees_2
Depths:2: nicolae_hexawheel, layout_cave_pools, enter_ziggurat_b, hellmouth_1,
          pan_entry, elyvilon_altar_1
Depths:3: hangedman_screamer, layout_cave_pools, marbit_kobold_abyss_entry,
          serial_co_window_serial, co_window_paths_a, co_window_corner_a,
          co_window_corner_a, co_window_cross_1, co_window_corner_a,
          co_window_paths_c, co_window_broadway_b, co_window_corner_ca,
          co_window_2corner, co_window_4corner_a, glass_columns_b,
          glass_columns_b, glass_columns_c, glass_columns_b,
          serial_bayou_shore_b, hell_entry, uniq_margery
Depths:4: evilmike_zot_entry_diamond, layout_honeycomb, hell_entry,
          hangedman_decor_lopped, serial_shops, nicolae_shop_advertising_works
          [nicolae_subvault_shop_adworks]
Zot:1:    layout_gridville
Zot:2:    lemuel_acid_trip, layout_cathedral_of_symmetry, uniq_josephina
Zot:3:    layout_gridlike, grunt_megastairs_4
Zot:4:    circus_mu, layout_misc_corridors
Zot:5:    layout_concentric_octagons, skrybe_zot_glass_1

Skill      XL: |  1  2  3  4  5  6  7  8  9 10 11 12 13 14 15 16 17 18 19 20 21 |
---------------+----------------------------------------------------------------+-----
Short Blades   | 3 4 6 8 9 11 | 11.4
Dodging        | 7 10 12 15 18 20 21 22 23 25 | 25.3
Fighting       | 6 8 10 13 14 15 16 | 16.1
Stealth        | 5 6 9 10 | 10.0
Evocations     | 3 5 |  5.0
Armour         | 3 |  3.0
Shields        | 3 5 |  5.0
Spellcasting   | 2 6 9 12 14 | 14.4

Action                     |  1- 3 |  4- 6 |  7- 9 | 10-12 | 13-15 | 16-18 | 19-21 || total
---------------------------+-------+-------+-------+-------+-------+-------+-------++-------
  Melee: Short sword       |   122 |    65 |   137 |       |       |       |       ||   324
         Headbutt          |     5 |    18 |    68 |   167 |   431 |   448 |       ||  1137
         Touch             |     3 |    12 |    63 |   130 |   238 |       |       ||   446
         Punch             |       |     1 |     6 |     8 |    15 |       |       ||    30
         Quick blade       |       |       |   117 |   581 |  1339 |  1469 |  1387 ||  4893
         Unarmed           |       |       |       |       |     4 |       |       ||     4
         Pseudopods        |       |       |       |       |       |   102 |   538 ||   640
         Bite              |       |       |       |       |       |    12 |   329 ||   341
 Invoke: Oozemancy         |       |       |       |       |     1 |       |       ||     1
         Slimify           |       |       |       |       |       |       |     1 ||     1
  Evoke: Wand              |       |       |     4 |       |     3 |       |       ||     7
         Condenser vane    |       |       |       |       |       |     1 |     2 ||     3
    Use: Scroll            |       |       |    16 |     2 |     5 |    10 |     9 ||    42
         Potion            |       |       |       |       |       |     4 |     6 ||    10
   Stab: Sleeping          |     8 |     2 |     4 |    10 |    35 |    35 |     9 ||   103
         Distracted        |       |       |     2 |     1 |    11 |    11 |     3 ||    28
         Confused          |       |       |       |     5 |    31 |    57 |    62 ||   155
         Paralysed         |       |       |       |     1 |     2 |     2 |     1 ||     6
         Petrifying        |       |       |       |     1 |     4 |       |     2 ||     7
 Armour: Robe              |    15 |     4 |    28 |     3 |       |       |       ||    50
         Troll leather arm |       |       |       |    47 |    67 |    76 |    65 ||   255
         Acid dragon scale |       |       |       |     1 |       |       |       ||     1
  Dodge: Dodged            |    69 |    28 |   140 |   335 |   896 |   856 |   758 ||  3082
  Block: Other             |       |       |       |     9 |       |       |       ||     9
         Buckler           |       |       |       |       |    68 |   280 |   245 ||   593

Table legend: (Time is in decaauts)
 A = Elapsed time spent in this place.
 B = Non-inter-level travel time spent in this place.
 C = Inter-level travel time spent in this place.
 D = Time resting spent in this place.
 E = Time spent auto-exploring this place.
 F = Levels seen in this place.
 G = Mean time per level.
                   A        B        C        D        E       F      G
               +--------+--------+--------+--------+--------+-----+--------+
         Total |  29723 |  27819 |   1904 |    557 |  18708 |  50 |  594.5 |
       Dungeon |  12641 |  11853 |    788 |    404 |   8741 |  15 |  842.7 |
          Lair |   4889 |   4416 |    473 |      8 |   3390 |   5 |  977.8 |
         Swamp |   2157 |   2083 |     74 |      0 |   1259 |   4 |  539.2 |
     Snake Pit |   3571 |   3363 |    208 |      0 |   2580 |   4 |  892.8 |
    Slime Pits |    196 |    137 |     59 |      0 |      0 |   5 |   39.2 |
  Orcish Mines |    996 |    881 |    115 |      0 |    581 |   2 |  498.0 |
   Elven Halls |   2472 |   2304 |    168 |     22 |   1434 |   3 |  824.0 |
        Depths |    531 |    531 |      0 |      6 |    172 |   4 |  132.8 |
           Zot |   1270 |   1254 |     16 |    115 |    152 |   5 |  254.0 |
        Bailey |    309 |    309 |      0 |      0 |     92 |   1 |  309.0 |
      Ice Cave |    342 |    342 |      0 |      0 |    116 |   1 |  342.0 |
      Gauntlet |    343 |    343 |      0 |      0 |    188 |   1 |  343.0 |
               +--------+--------+--------+--------+--------+-----+--------+

Top non-repeatable levels by time:
 Snake:3: 1505 daAuts
  Lair:3: 1222 daAuts
  Lair:1: 1089 daAuts
    D:11: 1036 daAuts
    D:13: 1019 daAuts
     D:6: 1004 daAuts
    D:15: 983 daAuts
     D:1: 948 daAuts
  Lair:4: 940 daAuts
   Elf:1: 888 daAuts
  Lair:2: 878 daAuts
   Elf:3: 876 daAuts
     D:2: 853 daAuts
     D:8: 831 daAuts
 Snake:2: 818 daAuts
